 Dungeon Crawl Stone Soup version bcrawl-1.37.2 (webtiles) character file.

Game seed: 15673150111892912419

100342 Mehrunes the Cudgeler (level 4, -2/48 HPs)
             Began as an Ogre Fighter on Dec 13, 2022.
             Slain by Crazy Yiuf
             ... wielding a +4 quarterstaff of chaos
              (3 damage)
             ... while petrified by Crazy Yiuf
             ... on level 2 of the Dungeon.
             The game lasted 00:01:49 (2119 turns).

Mehrunes the Cudgeler (Ogre Fighter)                Turns: 2119, Time: 00:01:50

Health: -2/48      AC:  3    Str: 21    XL:     4   Next: 6%
Magic:  0/4        EV:  1    Int:  9    God:
Gold:   76         SH:  0    Dex:  8    Spells: 3/3 levels left

rFire    . . .     GDR:     19% a - +0 flail
rCold    . . .     SeeInvis .   (no shield)
rNeg     + + +     Gourm    .   b - +0 robe
rPois    ∞         Faith    .   (helmet restricted)
rElec    .         Spirit   .   (no cloak)
rCorr    .         Reflect  .   (gloves unavailable)
MR       .....                  (boots unavailable)
Stlth    +.........             (no amulet)
HPRegen  0.18/turn              (no ring)
MPRegen  0.09/turn              (no ring)

@: petrified, lightly drained
A: large, unfitting armour, tough skin 1
a: no special abilities


You were on level 2 of the Dungeon.
You were hungry.

You visited 1 branch of the dungeon, and saw 2 of its levels.

You collected 76 gold pieces.

Inventory:

Hand Weapons
 a - a +0 flail (weapon)
Armour
 b - a +0 robe (worn)
 c - a +0 medium shield
Jewellery
 n - a +8 ring of strength {unknown}
Scrolls
 f - a scroll of blinking {unknown}
 g - 5 scrolls of teleportation {unknown}
 h - a scroll of amnesia {unknown}
 i - a scroll of identify
 m - a scroll of magic mapping {unknown}
Potions
 d - a potion of might
 j - a potion of ambrosia {unknown}
 k - a potion of curing {unknown}
Comestibles
 e - 4 rations {!d}
 l - a chunk of flesh


   Skills:
 - Level 4.0(3.7) Fighting
 + Level 5.1(4.8) Maces & Flails
 - Level 2.6(2.4) Dodging
 - Level 2.6(2.4) Shields


You had 3 spell levels left.
You didn't know any spells.
Your spell library was empty.

Dungeon Overview and Level Annotations

Branches:
Dungeon (2/12)

Altars:

Annotations:
D:2 Crazy Yiuf


Innate Abilities, Weirdness & Mutations

You are too large for most types of armour.
You have tough skin. (AC +1)


Message History

Crazy Yiuf is almost dead.
Crazy Yiuf hits you with a +4 quarterstaff of chaos.
You feel drained.
You have turned to stone.
Crazy Yiuf flaps his cloak.
Crazy Yiuf hits you with a +4 quarterstaff of chaos!
* * * LOW HITPOINT WARNING * * *
You feel your power leaking away.
Crazy Yiuf says, "Leather agre bush!"
Crazy Yiuf hits you with a +4 quarterstaff of chaos!
* * * LOW HITPOINT WARNING * * *
Crazy Yiuf hits you with a +4 quarterstaff of chaos!
* * * LOW HITPOINT WARNING * * *
Crazy Yiuf hits you with a +4 quarterstaff of chaos!
* * * LOW HITPOINT WARNING * * *
Crazy Yiuf burns you.
* * * LOW HITPOINT WARNING * * *
Crazy Yiuf hits you with a +4 quarterstaff of chaos.
* * * LOW HITPOINT WARNING * * *
Crazy Yiuf hits you with a +4 quarterstaff of chaos!
You die...

####.#.##########.####
#.#.# ##..... #.#.#
#####...### #####
#.^...#....
#####...##. #...###.
####♣♣ #### #.### #.
### ##...P♣♣ ♣♣#..)#
#.#####. ..#
#....PP♣♣♣♣.@g..#
#.......
#.###.....P.♣..♣#...#
#..###..
#.....#..♣.♣.♣♣♣ ####
#..# #.#
####.####♣♣♣♣♣ #..#
#)# #.### #..###.#
#)#.# #####
######..##... #.#.#
#.#.## #........#...
#.#.#
#....#####.####...#...
#.#.#
#..#.................#


You could see Crazy Yiuf.

Vanquished Creatures
  An adder (D:2)
  A worm (D:2)
  A dart slug (D:1)
  A leopard gecko (D:1)
  7 bats
  A giant cockroach (D:1)
  4 hobgoblins (D:2)
  3 jackals (D:2)
  5 kobolds
  2 quokkas
  5 frilled lizards
  9 goblins
  2 rats (D:2)
  A fungus (D:2)
43 creatures vanquished.

Notes
Turn   | Place    | Note
-------+----------+-------------------------------------------
     0 | D:1      | Mehrunes the Ogre Fighter began the quest for the Orb.
     0 | D:1      | Reached XP level 1. HP: 24/24 MP: 1/1
    92 | D:1      | Reached skill level 3 in Maces & Flails
    95 | D:1      | Reached XP level 2. HP: 28/32 MP: 2/2
   678 | D:1      | Reached skill level 4 in Maces & Flails
   771 | D:1      | Reached XP level 3. HP: 38/39 MP: 3/3
  1477 | D:2      | Found a faded altar of an unknown god.
  1580 | D:2      | Reached skill level 5 in Maces & Flails
  1844 | D:2      | Reached XP level 4. HP: 48/48 MP: 4/4
  2101 | D:2      | Found a runed door.
  2105 | D:2      | Noticed Crazy Yiuf
  2116 | D:2      | HP: 2/48 [Crazy Yiuf/+4 quarterstaff of chaos (1)]
  2119 | D:2      | Slain by Crazy Yiuf

Skill      XL: |  1  2  3 |
---------------+----------+-----
Maces & Flails | 3 4 5 |  5.1
Fighting       | |  4.0
Dodging        | |  2.6
Shields        | |  2.6

Action                   |  1- 3 |  4- 6 || total
-------------------------+-------+-------++-------
Melee: Flail             |   132 |    24 ||   156
 Stab: Sleeping          |     1 |       ||     1
  Eat: Chunk             |     7 |     1 ||     8
Armor: Robe              |    46 |     4 ||    50
Dodge: Dodged            |    71 |     4 ||    75
